 Dungeon Crawl Stone Soup version 0.30.0-17-ge0270778cf (webtiles) character file.

Game seed: 4619462951262808976

1162 mkat the Trooper (level 8, -1/80 HPs)
             Began as a Troll Wanderer on May 20, 2023.
             Shot with a sling bullet by a hobgoblin (5 damage)
             ... on level 5 of the Dungeon on May 21, 2023.
             The game lasted 00:14:16 (3978 turns).

mkat the Trooper (Troll Wanderer)                   Turns: 3978, Time: 00:14:17

Health: -1/80      AC:  5    Str: 22    XL:     8   Next: 17%
Magic:  8/8        EV: 10    Int:  6    God:
Gold:   222        SH:  0    Dex: 18    Spells: 7/9 levels left

rFire   . . .        a - +12 club
rCold   . . .        (no shield)
rNeg    . . .        d - +1 robe
rPois   .            (helmet restricted)
rElec   .            (no cloak)
rCorr   .            (gloves unavailable)
SInv    .            (boots unavailable)
Will    .....        (no amulet)
Stlth   ++           f - +6 ring of dexterity
HPRegen 1.13/turn    (no ring)
MPRegen 0.11/turn

%: no passive effects
@: no status effects
A: large, unfitting armour, claws 3, regeneration 1, shaggy fur 1, tough skin 1
a: no special abilities


You were on level 5 of the Dungeon.
You visited 1 branch of the dungeon, and saw 5 of its levels.

You collected 222 gold pieces.

Inventory:

Hand Weapons
 a - a +12 club (weapon)
 b - a +0 shortbow
Armour
 d - a +1 robe (worn)
Jewellery
 f - a +6 ring of dexterity (left claw)
Wands
 h - a wand of paralysis (10)
Scrolls
 e - a scroll of poison
 k - a scroll of torment
 m - 8 scrolls of identify
Potions
 i - a potion of attraction


   Skills:
 + Level 5.3 Fighting
 + Level 1.0(3.8) Axes
 + Level 4.1(4.2) Maces & Flails
 + Level 4.4(4.5) Polearms
 + Level 0.3 Ranged Weapons
 + Level 3.0 Throwing
 + Level 2.2 Dodging
 + Level 1.2 Stealth
 + Level 1.1 Spellcasting
 + Level 0.7 Conjurations
 + Level 0.9 Translocations


You had 7 spell levels left.
You knew the following spells:

 Your Spells              Type           Power      Damage    Failure   Level
a - Momentum Strike       Conj/Tloc      2%         3d8       43%         2

Your spell library contained the following spells:

 Spells                   Type           Power      Damage    Failure   Level
 Blink                    Tloc           2%         N/A       41%         2
 Lesser Beckoning         Tloc           2%         N/A       41%         2


Dungeon Overview and Level Annotations

Branches:
Dungeon (5/15)             Temple (0/1) D:5

Altars:


Innate Abilities, Weirdness & Mutations

You are too large for most types of armour.
You have claws for hands.
Your natural rate of healing is unusually fast.
You are covered in fur. (AC +1)
You have tough skin. (AC +1)


Message History

The gnoll hits you with a +1 vampiric spear.
* * * LOW HITPOINT WARNING * * *
The gnoll misses you.
As you read the scroll of teleportation, it crumbles to dust.
You feel strangely unstable.
The gnoll hits you with a +1 vampiric spear.
* * * LOW HITPOINT WARNING * * *
The gnoll misses you.
You thump the gnoll!
You kill the gnoll!
The gnoll hits you from afar with a +0 halberd!
* * * LOW HITPOINT WARNING * * *
Your surroundings suddenly seem different. 2 hobgoblins come into view.
Found a robe.
The hobgoblin shoots a sling bullet.
The sling bullet misses you. The hobgoblin hits you with a +0 club.
* * * LOW HITPOINT WARNING * * *
You hear a shout!
You hit the hobgoblin.
The hobgoblin is heavily wounded.
You hear a shout!
The hobgoblin shoots a sling bullet.
The sling bullet misses you. The hobgoblin hits you with a +0 club.
* * * LOW HITPOINT WARNING * * *
You hear a shout! x3
Okay, then.
Okay, then.
You sock the hobgoblin!
You kill the hobgoblin!
You hear a shout! x2
The hobgoblin shoots a sling bullet.
The sling bullet hits you.
* * * LOW HITPOINT WARNING * * *
A kobold comes into view. It is wielding a +0 short sword.
The hobgoblin shoots a sling bullet.
The sling bullet hits you.
* * * LOW HITPOINT WARNING * * *
A gnoll comes into view. It is wielding a +0 whip of freezing.
The kobold throws a stone.
The stone hits you but does no damage.
A kobold and a gnoll come into view.
The hobgoblin shoots a sling bullet.
The sling bullet hits you.
You die... ######## .# ##......# K# ##.......# gg#

#
#........##K#
.
.#...........#
.
.'....)......#
.
.#[.........g#
#
#.......@##+#
##.......#
##......#
########


You could see 2 gnolls, a hobgoblin and 2 kobolds.

Vanquished Creatures
  Pikel (D:4)
  Menkaure (D:4)
  A centaur (D:4)
  A lemure (D:4)
  3 scorpions
  A hound (D:5)
  A jelly (D:4)
  A sleepcap (D:3)
  Jessica (D:2)
  An orc wizard (D:3)
  Natasha (thrice) (D:2)
  Robin (D:4)
  A gnoll (D:5)
  3 adders
  A river rat (D:4)
  2 worms
  A dart slug (D:1)
  5 orcs
  7 endoplasms
  4 giant cockroaches
  8 hobgoblins
  5 jackals (D:1)
  4 quokkas
  9 ball pythons
  4 bats
  2 frilled lizards
  21 goblins
  5 kobolds
  4 rats
102 creatures vanquished.

Notes
Turn   | Place    | Note
-------+----------+-------------------------------------------
     0 | D:1      | mkat the Troll Wanderer began the quest for the Orb.
     0 | D:1      | mkat set off with the following items: a +1 trident, a +0
                  | hand axe, a scroll of fear, a +0 robe.
     0 | D:1      | Reached XP level 1. HP: 24/24 MP: 0/0
   239 | D:1      | Reached XP level 2. HP: 33/33 MP: 1/1
   964 | D:1      | Reached XP level 3. HP: 36/40 MP: 2/2
  1054 | D:2      | Noticed Jessica
  1058 | D:2      | Killed Jessica
  1077 | D:2      | Noticed Natasha
  1082 | D:2      | Killed Natasha
  1083 | D:2      | Reached XP level 4. HP: 49/49 MP: 3/3
  1370 | D:2      | Noticed Natasha
  1376 | D:2      | Killed Natasha
  1634 | D:2      | Noticed Natasha
  1639 | D:2      | Killed Natasha
  1640 | D:2      | Reached XP level 5. HP: 49/55 MP: 4/4
  1885 | D:3      | Learned a level 2 spell: Momentum Strike
  2050 | D:3      | You fall into a shaft and drop 1 floor!
  2276 | D:3      | Reached skill level 1 in Dodging
  2325 | D:3      | Reached skill level 1 in Maces & Flails
  2649 | D:3      | Upgraded the game from 0.30.0-16-gbe6223bb7e to
                  | 0.30.0-17-ge0270778cf
  2658 | D:4      | Reached skill level 5 in Fighting
  2658 | D:4      | Reached XP level 6. HP: 63/66 MP: 2/5
  2764 | D:4      | Noticed Pikel
  2777 | D:4      | Noticed Robin
  2794 | D:4      | Killed Pikel
  2795 | D:4      | Reached skill level 1 in Stealth
  2795 | D:4      | Reached XP level 7. HP: 33/72 MP: 0/6
  2803 | D:4      | Killed Robin
  3368 | D:4      | Noticed Menkaure
  3381 | D:4      | Killed Menkaure
  3624 | D:4      | Reached skill level 1 in Spellcasting
  3739 | D:5      | Entered Level 5 of the Dungeon
  3751 | D:5      | Reached XP level 8. HP: 77/80 MP: 5/8
  3924 | D:5      | Found a staircase to the Ecumenical Temple.
  3976 | D:5      | HP: 4/80 [hobgoblin/sling bullet (2)]
  3978 | D:5      | Shot with a sling bullet by a hobgoblin

Illustrated notes

Levels and vault maps discovered:
D:1:      dpeg_arrival_water_fire, layout_basic
D:2:      layout_basic, grunt_decor_junction, st_stairs_5, uniq_jessica,
          uniq_natasha
D:3:      layout_loops_ring, amcnicky_mini_rare_corridor_liquid
D:4:      layout_loops_ring, gup_sewer_entry_bowl, uniq_menkaure, uniq_pikel,
          uniq_robin
D:5:      minmay_goblin_kobold_castle, layout_rooms, minmay_temple_entry_hall,
          corexii_item_surrounded_by_moat

Skill      XL: |  1  2  3  4  5  6  7  8 |
---------------+-------------------------+-----
Polearms       | 4 |  4.4
Dodging        | 1 2 |  2.2
Maces & Flails | 1 3 4 |  4.1
Fighting       | 5 |  5.3
Throwing       | 2 3 |  3.0
Stealth        | 1 |  1.2
Spellcasting   | 1 |  1.1
Axes           | |  1.0
Ranged Weapons | |  0.3
Conjurations   | |  0.7
Translocations | |  0.9

Action                     |  1- 3 |  4- 6 |  7- 9 || total
---------------------------+-------+-------+-------++-------
  Melee: Trident           |    52 |       |       ||    52
         Punch             |     1 |     1 |     1 ||     3
         Club              |     3 |   106 |    63 ||   172
   Fire: Shortbow          |       |       |    21 ||    21
  Throw: Stone             |       |    13 |     4 ||    17
         Dart              |       |    20 |    17 ||    37
   Cast: Momentum Strike   |       |     3 |     5 ||     8
    Use: Scroll            |     3 |     5 |     4 ||    12
         Potion            |     1 |     2 |     2 ||     5
   Stab: Sleeping          |     1 |     3 |     2 ||     6
 Armour: Robe              |    16 |    33 |    22 ||    71
  Dodge: Dodged            |    22 |    55 |    56 ||   133
